 Seeded DCSS version 0.30-a0-883-g5ad918d77d (webtiles) character file.

Game seed: 15748772131455733785 (custom seed)

673 Parcival the Chopper (level 7, 0/56 (60) HPs)
             Began as a Minotaur Fighter on Mar 15, 2023.
             Was an Initiate of Nemelex Xobeh.
             Slain by a wight
             ... wielding a +4 flail of freezing
              (6 damage)
             ... on level 8 of the Dungeon.
             The game lasted 00:10:10 (4572 turns).

Parcival the Chopper (Minotaur Fighter)             Turns: 4572, Time: 00:10:11

HP:   0/56 (60)     AC: 13    Str: 28    XL:     7   Next: 33%
MP:   6/6           EV:  6    Int:  5    God:    Nemelex Xobeh [......]
Gold: 282           SH:  8    Dex: 10    Spells: 6/6 levels left

rFire   . . .      SeeInvis .    i - +0 broad axe
rCold   . . .      Faith    .    l - +0 kite shield
rNeg    . . .      Spirit   .    e - +1 plate armour
rPois   +          Reflect  .    (helmet restricted)
rElec   .          Rampage  .    (no cloak)
rCorr   .                        (no gloves)
Will    .....                    (no boots) Stlth
                                 (no amulet)
HPRegen 0.29/turn                j - +6 ring of strength
MPRegen 0.10/turn                n - ring of poison resistance

@: drained
A: horns 2, retaliatory headbutt
a: Renounce Religion, Draw Escape, Draw Destruction, Draw Summoning


You were on level 8 of the Dungeon.
You worshipped Nemelex Xobeh.
Nemelex Xobeh was noncommittal.
You visited 2 branches of the dungeon, and saw 7 of its levels.

You collected 282 gold pieces.

Inventory:

Hand Weapons
 a - a +0 war axe
 i - a +0 broad axe (weapon)
Armour
 b - a +0 scale mail
 c - a +0 buckler
 e - a +1 plate armour (worn)
 l - a +0 kite shield (worn)
Jewellery
 j - a +6 ring of strength (left hand)
 n - a ring of poison resistance (right hand)
Wands
 o - a wand of flame (19)
 p - a wand of polymorph (9)
 r - a wand of acid (9)
Scrolls
 h - a scroll of fog
 s - a scroll of acquirement {unknown}
 u - a scroll of identify
 v - a scroll of blinking
 w - a scroll of teleportation {unknown}
Potions
 d - 3 potions of might
 f - a potion of heal wounds {unknown}
 g - 4 potions of mutation
 k - 3 potions of brilliance {unknown}
 m - a potion of lignification {unknown}
 q - 2 potions of ambrosia {unknown}
 t - a potion of resistance {unknown}
 x - a potion of curing {unknown}


   Skills:
 + Level 4.9 Fighting
 + Level 7.3 Axes
 + Level 6.0 Armour
 + Level 0.4 Dodging
 + Level 4.7 Shields


You had 6 spell levels left.
You didn't know any spells.
Your spell library contained the following spells:

 Spells                   Type           Power      Damage    Failure   Level
 Magic Dart               Conj           0%         1d3       100%        1
 Slow                     Hex            0%         N/A       100%        1
 Call Imp                 Summ           0%         N/A       100%        2
 Confusing Touch          Hex            0%         N/A       100%        3
 Ignite Poison            Fire/Tmut/Pois 0%         N/A       100%        3
 Kindle Blastsparks       Fire/Tloc/Air  0%         2d10      100%        3
 Mephitic Cloud           Conj/Pois/Air  0%         N/A       100%        3
 Vampiric Draining        Necr           0%         2d6       100%        3
 Freezing Cloud           Conj/Ice/Air   0%         6-21      100%        5


Dungeon Overview and Level Annotations

Branches:
Dungeon (5/15)             Temple (1/1) D:4

Altars:
Elyvilon
Gozag
Hepliaklqana
Nemelex Xobeh
Okawaru
Trog
Uskayaw
Yredelemnul
Zin


Innate Abilities, Weirdness & Mutations

You have a pair of horns on your head.
You reflexively headbutt those who attack you in melee.


Message History

The wight hits you with a +0 mace!
You feel drained.
You completely miss the wight.
The wight is severely damaged.
The wight hits you with a +0 mace.
You hit the wight.
You destroy the wight!
Things that are here:
a +0 mace; a +0 robe HP restored.
A wight comes into view. It is wielding a +5 dagger.
A wight comes into view. It is wielding a +0 great sword.
You block the wight's attack.
You slash the wight!
You destroy the wight!
Your Armour skill increases to level 6!
You slash the wight!
The wight is almost destroyed.
The wight hits you with a +0 great sword!
A wight comes into view. It is wielding a +4 flail of freezing.
You closely miss the wight.
You headbutt the wight, but do no damage.
The wight is almost destroyed.
The wight hits you with a +0 great sword!
You feel drained. The wight hits you but does no damage.
You hit the wight but do no damage. You closely miss the wight.
The wight hits you but does no damage.
The wight hits you with a +4 flail of freezing!
You feel drained. The wight freezes you.
You hit the wight.
The wight is lightly damaged.
You barely miss the wight. The wight barely misses you.
You furiously retaliate!
You headbutt the wight.
You destroy the wight!
The wight hits you with a +4 flail of freezing!
* * * LOW HITPOINT WARNING * * *
The wight freezes you.
* * * LOW HITPOINT WARNING * * *
The wight hits you with a +4 flail of freezing.
You die...
Your body disappears without a glow.

#..............##.##....#.
#.###..##.#.#........^..#.
#.#....##.#.#...#.##...##.
#####.#.#.............##...##.
#.............................
#####.#.#####.#.#...#.##..####
#.#.# #.#.#...#.##..# # #
#.#####.#.#.......... ..
#(..).)@............####
#######z#.#...#.##+## ......
... .........# #######...# ..#
##


You could see a wight.

Vanquished Creatures
  2 phantoms (D:4)
  3 wights (D:8)
  The ghost of jasper the Shooter, a weakling GrHu (D:3)
  2 hounds
  An orc priest (D:5)
  Ijyb (D:3)
  Natasha (thrice) (D:3)
  An orc wizard (D:4)
  5 adders
  3 gnolls (D:2)
  2 worms (D:2)
  3 dart slugs (D:3)
  4 orcs
  11 endoplasms
  4 giant cockroaches
  5 goblins
  7 hobgoblins
  11 jackals
  A quokka (D:2)
  8 ball pythons
  2 bats
  4 frilled lizards
  8 kobolds
  5 rats
97 creatures vanquished.

Vanquished Creatures (others)
  2 demonic plants (D:2)
2 creatures vanquished.

Grand Total: 99 creatures vanquished

Notes
Turn   | Place    | Note
-------+----------+-------------------------------------------
     0 | D:1      | Parcival the Minotaur Fighter began the quest for the Orb.
     0 | D:1      | Reached XP level 1. HP: 19/19 MP: 0/0
   290 | D:1      | Reached XP level 2. HP: 19/27 MP: 1/1
   972 | D:2      | Reached skill level 3 in Axes
   972 | D:2      | Reached XP level 3. HP: 33/33 MP: 2/2
  1151 | D:2      | Reached XP level 4. HP: 38/40 MP: 3/3
  1180 | D:2      | Found a faded altar of an unknown god.
  1304 | D:2      | Reached skill level 4 in Axes
  2099 | D:3      | Noticed Ijyb
  2100 | D:3      | Noticed Natasha
  2112 | D:3      | Killed Ijyb
  2113 | D:3      | Reached skill level 5 in Axes
  2113 | D:3      | Reached XP level 5. HP: 12/46 MP: 4/4
  2115 | D:3      | Killed Natasha
  2129 | D:3      | Noticed Natasha
  2134 | D:3      | Killed Natasha
  2397 | D:3      | Noticed Natasha
  2404 | D:3      | Killed Natasha
  2450 | D:3      | Found a runed translucent door.
  3011 | D:3      | Noticed jasper's ghost (weakling GrHu)
  3027 | D:3      | Killed jasper's ghost
  3028 | D:3      | Reached skill level 6 in Axes
  3028 | D:3      | Reached XP level 6. HP: 44/53 MP: 5/5
  3466 | D:4      | Reached skill level 5 in Armour
  3613 | D:4      | Found a staircase to the Ecumenical Temple.
  3675 | D:4      | Found a white marble altar of Elyvilon.
  4009 | Temple   | Entered the Ecumenical Temple
  4257 | Temple   | Became a worshipper of Nemelex Xobeh the Trickster
  4331 | D:5      | Entered Level 5 of the Dungeon
  4345 | D:5      | Reached XP level 7. HP: 55/60 MP: 6/6
  4347 | D:5      | Reached skill level 7 in Axes
  4379 | D:5      | Found an iron altar of Okawaru.
  4394 | D:5      | You fall into a shaft and drop 3 floors!
  4572 | D:8      | Slain by a wight

Illustrated notes

Levels and vault maps discovered:
D:1:      dpeg_arrival_brainrot, layout_basic, hangedman_decor_growths,
          minmay_misc_feat_rugged, nicolae_titane
D:2:      minmay_recursive_quarters, layout_basic,
          dreamdust_ecumenical_altar_sealed_demon, serial_glass,
          glass_columns_c, glass_columns_a, hex_tiny
D:3:      layout_basic, ebering_ghost_reflecting_pool,
          minmay_misc_feat_four_crosses, uniq_ijyb, uniq_natasha
D:4:      layout_loops_ring, mainiacjoe_overflow_boulevard,
          minmay_temple_entry_stoned_glass
D:5:      minmay_octagon_keep, layout_rooms, lemuel_doored_altar,
          fiery_altar_vehumet, overflow_temple_1_default,
          mainiacjoe_overflow_24_doors, grunt_temple_overflow_champion_of_chaos,
          kennysheep_generic_room_9
D:8:      layout_basic, mainiacjoe_overflow_alcove_4, nicolae_take_the_stairs,
          st_stairs_6, hangedman_decor_opposing, minmay_statues_item
Temple:   nicolae_temple_bog_church

Skill      XL: |  1  2  3  4  5  6  7 |
---------------+----------------------+-----
Armour         | 4 5 6 |  6.0
Fighting       | 4 |  4.9
Shields        | 4 |  4.7
Axes           | 3 5 6 7 |  7.3
Dodging        | |  0.4

Action                     |  1- 3 |  4- 6 |  7- 9 || total
---------------------------+-------+-------+-------++-------
  Melee: War axe           |    21 |       |       ||    21
         Broad axe         |    48 |   106 |    14 ||   168
         Headbutt          |     9 |    18 |     5 ||    32
    Use: Scroll            |     1 |     8 |       ||     9
 Armour: Scale mail        |     3 |       |       ||     3
         Plate armour      |    46 |    76 |     3 ||   125
  Dodge: Dodged            |    28 |    43 |     1 ||    72
  Block: Buckler           |    22 |    18 |       ||    40
         Kite shield       |       |    17 |     3 ||    20

Table legend: (Time is in decaauts)
 A = Elapsed time spent in this place.
 B = Non-inter-level travel time spent in this place.
 C = Inter-level travel time spent in this place.
 D = Time resting spent in this place.
 E = Time spent auto-exploring this place.
 F = Levels seen in this place.
 G = Mean time per level.
                   A        B        C        D        E       F      G
               +--------+--------+--------+--------+--------+-----+--------+
         Total |   4668 |   4135 |    533 |    100 |   3220 |   7 |  666.9 |
       Dungeon |   4344 |   3941 |    403 |    100 |   3039 |   6 |  724.0 |
        Temple |    324 |    194 |    130 |      0 |    181 |   1 |  324.0 |
               +--------+--------+--------+--------+--------+-----+--------+

Top non-repeatable levels by time:
     D:3: 1413 daAuts
     D:2: 1035 daAuts
     D:1: 963 daAuts
     D:4: 685 daAuts
  Temple: 324 daAuts
     D:8: 181 daAuts
     D:5: 65 daAuts
